 Dungeon Crawl Stone Soup version 0.27-b1-42-g19c61b19a5 (webtiles) character file.

Game seed: 17775208088578409207

1813 Tirrikindir the Carver (level 9, -8/59 HPs)
             Began as an Octopode Fighter on July 29, 2021.
             Hit by a boomerang thrown by an orc warrior (12 damage)
             ... on level 6 of the Dungeon.
             The game lasted 00:11:40 (5842 turns).

Tirrikindir the Carver (Octopode Fighter)           Turns: 5842, Time: 00:11:40

Health: -8/59      AC:  5    Str: 16    XL:     9   Next: 10%
Magic:  9/9        EV: 12    Int: 10    God:
Gold:   213        SH:  9    Dex: 14    Spells: 8/8 levels left

rFire    . . .     SeeInvis .   a - +3 long sword
rCold    . . .     Faith    .   b - +0 kite shield
rNeg     . . .     Spirit   .   (helmet restricted)
rPois    .         Reflect  .   (no amulet)
rElec    .         Harm     .   e - +4 ring of protection
rCorr    .         Rampage  .   (no ring)
Will     .....                  (no ring)
Stlth    ++++......             (no ring)
HPRegen  0.19/turn              (no ring)
MPRegen  0.11/turn              (no ring)
                                (no ring)
                                (no ring)

@: no status effects
A: almost no armour, amphibious, 8 rings, camouflage 1, gelatinous body 1,
(nimble swimmer 1), tentacles
a: no special abilities


You were on level 6 of the Dungeon.
You visited 1 branch of the dungeon, and saw 6 of its levels.

You collected 213 gold pieces.

Inventory:

Hand Weapons
 a - a +3 long sword (weapon)
 d - a +0 scimitar
 h - the +3 rapier of Conflict {holy, rElec MP-9 Dex+3}
   (You found it on level 4 of the Dungeon)

   It has been blessed by the Shining One to cause great damage to the undead
   and demons.
   Dex:       It affects your dexterity (+3).
   rElec:     It insulates you from electricity.
   MP:        It affects your magic capacity (-9).
Missiles
 c - 9 boomerangs (quivered)
Armour
 b - a +0 kite shield (worn)
Jewellery
 e - a +4 ring of protection (left tentacle)
Wands
 i - a wand of acid (6)
Scrolls
 f - 2 scrolls of amnesia
 g - 2 scrolls of identify
 j - a scroll of fog


   Skills:
 + Level 4.6 Fighting
 + Level 8.3 Long Blades
 + Level 4.5 Dodging
 + Level 6.8 Stealth
 + Level 4.6 Shields
 + Level 1.8 Evocations


You had 8 spell levels left.
You didn't know any spells.
Your spell library contained the following spells:

 Spells                   Type           Power      Damage    Failure   Level
 Apportation              Tloc           0%         N/A       82%         1
 Alistair's Intoxication  Tmut/Pois      0%         N/A       100%        5
 Invisibility             Hex            0%         N/A       100%        6


Dungeon Overview and Level Annotations

Branches:
Dungeon (6/15)
 Temple: D:4-7

Altars:
Cheibriados
Dithmenos
Ru

Shops:
D:3 (


Innate Abilities, Weirdness & Mutations

You cannot wear most types of armour.
You are amphibious.
You can wear up to eight rings at the same time.
Your skin changes colour to match your surroundings (Stealth+).
Your rubbery body absorbs attacks. (AC +1, EV +1)
((You are camouflaged near water. (Stealth+)))
You have tentacles for arms and can constrict up to eight enemies at once.


Message History

An orc wizard comes into view. It is wielding a +0 dagger.
An orc and an orc warrior come into view.
The orc priest shouts!
The orc warrior shouts!
The orc priest hits you but does no damage.
The orc shouts!
You barely miss the orc priest. Your grab misses the orc priest.
The orc priest hits you with a +0 short sword.
You hit the orc priest. You grab the orc priest.
The orc priest is lightly wounded.
You constrict the orc priest.
The orc warrior hits you with a +0 long sword.
You block the orc priest's attack.
The orc wizard hits you with a +0 dagger.
You hit the orc priest.
You squeeze the orc priest, but do no damage.
The orc priest is moderately wounded.
You constrict the orc priest. The orc warrior closely misses you.
The orc priest calls down the wrath of Beogh upon you.
Beogh smites you! You block the orc wizard's attack.
You slash the orc priest!
You kill the orc priest!
The orc warrior hits you with a +0 long sword!
The orc wizard gestures at you while chanting.
You easily resist.
You hit the orc wizard but do no damage.
You grab the orc wizard. You constrict the orc wizard.
The orc warrior closely misses you. The orc barely misses you.
The orc wizard completely misses you.
The orc warrior hits you with a +0 long sword!!
* * * LOW HITPOINT WARNING * * *
You hit the orc warrior. Your grab misses the orc warrior.
The orc warrior is lightly wounded.
You constrict the orc wizard. The orc hits you but does no damage.
The orc wizard hits you but does no damage.
You block the orc warrior's attack. You block the orc's attack.
The orc wizard gestures at you while chanting.
You easily resist.
You release your grip on the orc wizard.
The orc warrior throws a boomerang.
The boomerang hits you!
You die...

##......##.......
.....#........#..........
.........##...#.#........
...............##........
...........##..#.........
#........................
..........#.###.........#
#...o)..#..#......#####
#..o.@..........###
.....#o............##?..#
... ####......†...# #...
. ##.........#.#..#h.
#.........##.#...#.
#.......### ###...#
####......# #... ##...^.#
#... ##...... #..


You could see an orc warrior, an orc wizard and an orc.

Vanquished Creatures
  Pikel (D:5)
  Prince Ribbit (D:5)
  Sigmund (D:3)
  A sky beast (D:4)
  A necrophage (D:6)
  A phantom (D:4)
  An ogre (D:4)
  3 lemures (D:5)
  4 wights (D:6)
  A bullfrog zombie (D:6)
  2 centaur skeletons
  A hound (D:5)
  A jelly (D:5)
  A bullfrog skeleton (D:6)
  An orc priest (D:6)
  Crazy Yiuf (D:3)
  Terence (D:3)
  3 iguanas
  A hound skeleton (D:4)
  6 adders
  4 gnolls (D:3)
  A shadow imp (D:6)
  An ufetubus (D:5)
  An adder skeleton (D:5)
  A worm (D:2)
  6 dart slugs
  9 orcs
  3 ball pythons
  7 bats
  3 endoplasms
  5 hobgoblins
  5 jackals
  4 kobolds
  2 quokkas
  4 frilled lizards
  5 goblins
  3 rats
97 creatures vanquished.

Vanquished Creatures (others)
  11 plants (D:1)
  12 withered plants (D:1)
23 creatures vanquished.

Grand Total: 120 creatures vanquished

Notes
Turn   | Place    | Note
-------+----------+-------------------------------------------
     0 | D:1      | Tirrikindir the Octopode Fighter began the quest for the
                  | Orb.
     0 | D:1      | Reached XP level 1. HP: 16/16 MP: 1/1
    29 | D:1      | Reached XP level 2. HP: 16/21 MP: 2/2
   350 | D:1      | Reached skill level 1 in Stealth
   475 | D:1      | Reached XP level 3. HP: 26/26 MP: 3/3
   499 | D:1      | Found a faded altar of an unknown god.
  1655 | D:3      | Noticed Terence
  1669 | D:3      | Killed Terence
  1670 | D:3      | Reached skill level 3 in Long Blades
  1670 | D:3      | Reached XP level 4. HP: 17/31 MP: 4/4
  1930 | D:3      | Found a shadowy altar of Dithmenos.
  1940 | D:3      | Noticed Sigmund
  1948 | D:3      | Killed Sigmund
  1949 | D:3      | Reached XP level 5. HP: 27/37 MP: 5/5
  1949 | D:3      | Reached XP level 6. HP: 32/43 MP: 6/6
  2110 | D:3      | Found Quladeiz's Weapon Boutique.
  2135 | D:3      | Reached skill level 4 in Long Blades
  2391 | D:3      | Found a runed translucent door.
  2392 | D:3      | Noticed Crazy Yiuf
  2401 | D:3      | Killed Crazy Yiuf
  3043 | D:4      | Identified the +3 rapier of Conflict {holy, rElec MP-9
                  | Dex+3}
  3065 | D:4      | Found a snail-covered altar of Cheibriados.
  3111 | D:4      | Noticed a sky beast
  3114 | D:4      | Reached XP level 7. HP: 48/48 MP: 7/7
  3127 | D:4      | Reached skill level 5 in Long Blades
  3735 | D:5      | Entered Level 5 of the Dungeon
  3735 | D:5      | Noticed Prince Ribbit
  3925 | D:5      | Reached skill level 5 in Stealth
  4049 | D:5      | Found a sacrificial altar of Ru.
  4083 | D:5      | Reached skill level 6 in Long Blades
  4096 | D:5      | Killed Prince Ribbit
  4097 | D:5      | Reached XP level 8. HP: 22/54 MP: 8/8
  4328 | D:5      | Noticed Pikel
  4450 | D:5      | Killed Pikel
  4451 | D:5      | Reached skill level 8 in Long Blades
  5429 | D:6      | Reached skill level 1 in Evocations
  5447 | D:6      | Reached XP level 9. HP: 6/59 MP: 9/9
  5470 | D:6      | HP: 1/59 [wight (10)]
  5842 | D:6      | Hit by a boomerang thrown by an orc warrior

Illustrated notes

Levels and vault maps discovered:
D:1:      erik_arrival_orb_chamber, layout_loops_cross,
          shapermc_ecumenical_altar_flowoftime, st_stairs_13
D:2:      layout_loops_cross
D:3:      layout_basic, nicolae_dithmenos_shadow_blocks, serial_shops, shop,
          minmay_tree_intersection, hex_medium, uniq_crazy_yiuf_cottage,
          uniq_terence, uniq_sigmund
D:4:      layout_cave_pools, kennysheep_mini_moat, minmay_misc_feat_x,
          ebering_dispersal_statue_hall, kennysheep_generic_room_14
D:5:      layout_gridville, mainiacjoe_overflow_alcove_2, dk_noncrumbling_2,
          chequers_serial_rivers_marsh, kennysheep_nub, uniq_prince_ribbit1,
          uniq_pikel
D:6:      layout_cave_pools, nicolae_hepliaklqana_monster_ancestors,
          grunt_gozag_breadcrumbs, hangedman_decor_slide_cut, grunt_ministairs_5

Skill      XL: |  1  2  3  4  5  6  7  8 |
---------------+-------------------------+-----
Stealth        | 1 2 3 6 |  6.8
Long Blades    | 3 4 6 8 |  8.3
Fighting       | 4 |  4.6
Dodging        | 4 |  4.5
Shields        | 4 |  4.6
Evocations     | 1 |  1.8

Action                   |  1- 3 |  4- 6 |  7- 9 || total
-------------------------+-------+-------+-------++-------
Melee: Long sword        |    76 |    51 |   119 ||   246
       Constrict         |    41 |    15 |    24 ||    80
       Tentacles         |    21 |    12 |    27 ||    60
Throw: Boomerang         |       |       |     2 ||     2
  Use: Scroll            |     8 |     2 |     4 ||    14
       Potion            |       |     2 |     2 ||     4
 Stab: Sleeping          |     6 |     7 |     9 ||    22
Armor: Skin              |     8 |    13 |    26 ||    47
Dodge: Dodged            |    21 |    29 |    53 ||   103
Block: Kite shield       |    13 |    18 |    51 ||    82
       Rpst.: Long sword |     6 |     7 |    15 ||    28
